 Dungeon Crawl Stone Soup version 0.16-a0-3994-gbbee317 (webtiles) character file.

350 Ololoev the Conjurer (level 6, -3/36 HPs)
             Began as a High Elf Ice Elementalist on Feb 13, 2015.
             Slain by a phantom (10 damage)
             ... on level 4 of the Dungeon.
             The game lasted 00:17:22 (5141 turns).

Ololoev the Conjurer (High Elf Ice Elementalist)    Turns: 5141, Time: 00:17:22

Health: -3/36      AC:  3    Str:  7    XL:     6   Next: 33%
Magic:  3/15       EV: 13    Int: 21    God:
Gold:   90         SH:  0    Dex: 16    Spells: 3 memorised, 2 levels left

rFire  . . .     SeeInvis .     l - +0 short sword (venom)
rCold  . . .     Clarity  .     a - +0 robe
rNeg   + . .     SustAb   .     (no shield)
rPois  .         Gourm    .     (no helmet)
rElec  .         Spirit   .     (no cloak)
rCorr  .         Warding  .     n - +0 pair of gloves
rMut   .         Stasis   .     (no boots)
MR     .....                    (no amulet)
Stlth  ++........               w - +2 ring of slaying
                                m - ring of positive energy

@: not resistant to hostile enchantments, unstealthy
A: no striking features
a: no special abilities


You were on level 4 of the Dungeon.
You were not hungry.

You visited 1 branch of the dungeon, and saw 4 of its levels.

You collected 90 gold pieces.

Notes
Turn   | Place    | Note
--------------------------------------------------------------
     0 | D:1      | Ololoev, the High Elf Ice Elementalist, began the quest for the Orb.
     0 | D:1      | Reached XP level 1. HP: 11/11 MP: 4/4
   348 | D:1      | Reached XP level 2. HP: 10/17 MP: 6/6
   466 | D:1      | Learned a level 2 spell: Throw Frost
   510 | D:1      | You fall through a shaft!
   783 | D:2      | Found a basalt altar of Yredelemnul.
  1152 | D:2      | Found a snail-covered altar of Cheibriados.
  1180 | D:2      | Found a white marble altar of Elyvilon.
  1188 | D:2      | Reached XP level 3. HP: 21/21 MP: 1/8
  1201 | D:2      | Found a sparkling altar of Nemelex Xobeh.
  1607 | D:2      | Noticed Sigmund
  2298 | D:1      | Reached skill level 4 in Ice Magic
  2867 | D:3      | Reached XP level 4. HP: 24/27 MP: 6/11
  2873 | D:3      | Learned a level 4 spell: Throw Icicle
  4037 | D:3      | Reached XP level 5. HP: 31/31 MP: 3/12
  4738 | D:4      | Noticed an ogre
  4745 | D:4      | Killed an ogre
  4745 | D:4      | Reached skill level 5 in Conjurations
  4745 | D:4      | Reached skill level 5 in Ice Magic
  4745 | D:4      | Reached XP level 6. HP: 36/36 MP: 1/15
  4901 | D:4      | Found a glowing golden altar of the Shining One.
  5063 | D:4      | Noticed a phantom
  5141 | D:4      | Slain by a phantom

Inventory:

Hand weapons
 l - a +0 short sword of venom (weapon)
Missiles
 v - a throwing net (quivered)
Armour
 a - a +0 robe (worn)
 n - a +0 pair of gloves (worn)
Jewellery
 m - a ring of positive energy (left hand)
 w - a +2 ring of slaying (right hand)
Scrolls
 e - 2 scrolls of fear {unknown}
 f - 2 scrolls of remove curse
 j - 3 scrolls of fog
 k - 2 scrolls of recharging {unknown}
 p - a scroll of amnesia {unknown}
 q - a scroll of magic mapping {unknown}
 s - a scroll of blinking {unknown}
Potions
 d - a potion of degeneration {unknown}
 g - 3 potions of flight
 h - a potion of agility {unknown}
 i - a potion of heal wounds {unknown}
 o - 2 potions of might {unknown}
 t - a potion of curing {unknown}
 x - a potion of restore abilities {unknown}
Books
 b - a book of Frost

   Spells                             Type                      Level
   a - Freeze                         Ice                          1
   b - Throw Frost                    Conjuration/Ice              2
   c - Ozocubu's Armour               Charms/Ice                   3
   d - Throw Icicle                   Conjuration/Ice              4
   e - Summon Ice Beast               Ice/Summoning                4
   f - Condensation Shield            Ice                          4
Comestibles
 c - 3 bread rations
 u - 3 chunks of flesh

Table legend:
 A = Turns spent in this place as a percentage of turns spent in the entire game.
 B = Non-inter-level travel turns spent in this place as a percentage of non-inter-level travel turns spent in the entire game.
 C = Inter-level travel turns spent in this place as a percentage of turns spent in this place.
 D = Turns resting spent in this place as a percentage of non-inter-level travel turns spent in this place.
 E = Turns spent auto-exploring this place as a percentage of non-inter-level travel turns spent in this place.
 F = Non-inter-level travel turns spent in this place divided by the number of levels of this place that you've seen.
                   A       B       C       D       E      F
               +-------+-------+-------+-------+-------+----------------------
         Total | 100.0 | 100.0 |   0.4 |   9.9 |   9.3 | 313.2
       Dungeon | 100.0 | 100.0 |   0.4 |   9.9 |   9.3 | 313.2
               +-------+-------+-------+-------+-------+----------------------


   Skills:
 - Level 2.1 Dodging
 - Level 2.1 Stealth
 - Level 2.4 Spellcasting
 + Level 5.3 Conjurations
 + Level 5.2 Ice Magic


You had 2 spell levels left.
You knew the following spells:

 Your Spells              Type           Power        Failure   Level  Hunger
a - Freeze                Ice            ###.         1%          1    None
b - Throw Frost           Conj/Ice       ###...       2%          2    ##.....
c - Throw Icicle          Conj/Ice       ###.....     21%         4    ####...


Dungeon Overview and Level Annotations

Branches:
Dungeon (4/15)
 Temple: D:4-7

Altars:
Cheibriados
Elyvilon
Nemelex Xobeh
Yredelemnul
The Shining One

Annotations:
D:2 Sigmund


Message History

Aiming: Throw Icicle
Press: ? - help, Shift-Dir - straight line, f/p - phantom
Aim: a phantom (severely damaged)
The shard of ice hits the phantom.
The phantom partially resists.
The phantom is almost destroyed.
The phantom blinks!
You start resting.
Eating one of 4 chunks of flesh.
This raw flesh tastes terrible.
You continue eating. x2
You hit the phantom but do no damage.
The phantom is severely damaged.
The phantom completely misses you.
You hit the phantom but do no damage.
The phantom is severely damaged.
The phantom hits you.
The phantom blinks!
You start resting.
You closely miss the phantom.
The phantom is severely damaged.
The phantom hits you.
You hit the phantom.
The phantom is almost destroyed.
The phantom hits you.
You barely miss the phantom.
The phantom is almost destroyed.
The phantom closely misses you.
Drink which item? (? for menu, Esc to quit)
Okay, then.
You barely miss the phantom.
The phantom is almost destroyed.
The phantom blinks!
You closely miss the phantom.
The phantom is almost destroyed.
The phantom misses you.
You hit the phantom.
The phantom is almost destroyed.
The phantom closely misses you.
You closely miss the phantom.
The phantom is almost destroyed.
The phantom hits you!
You die...

#........# #.#
##........## ..# #
#.....W....# ..# ##
#..........## .## .#
##...........## .##
#[............#
#.####......###....#
##...##....## ###..#
########.## #.@###
##.## #W.# ##.# #.##
### ###


You could see a phantom.

Table legend:
 A = Kills in this place as a percentage of kills in entire the game.
 B = Kills by you in this place as a percentage of kills by you in the entire game.
 C = Kills by friends in this place as a percentage of kills by friends in the entire game.
 D = Other kills in this place as a percentage of other kills in the entire game.
 E = Experience gained in this place as a percentage of experience gained in the entire game.
 F = Experience gained in this place divided by the number of levels of this place that you have seen.
                   A       B       C       D       E      F
               +-------+-------+-------+-------+-------+----------------------
         Total | 100.0 | 100.0 |  -nan |  -nan | 100.0 | 125.0
       Dungeon | 100.0 | 100.0 |  -nan |  -nan | 100.0 | 125.0
               +-------+-------+-------+-------+-------+----------------------

Vanquished Creatures
  An ogre (D:4)
  A scorpion (D:3)
  A hound (D:4)
  An orc wizard (D:4)
  2 adders
  2 giant mites (D:3)
  5 worms
  3 giant geckos
  3 oozes
  12 orcs
  9 bats
  8 hobgoblins
  6 jackals (D:3)
  8 kobolds
  A quokka (D:3)
  A ball python (D:2)
  5 giant cockroaches
  6 giant newts
  6 goblins
  9 rats
90 creatures vanquished.

Action                   |  1- 3 |  4- 6 || total
-------------------------+-------+-------++-------
Melee: Unarmed           |    11 |       ||    11
       Dagger            |    16 |   116 ||   132
       Short sword       |       |    20 ||    20
 Cast: Freeze            |    66 |    65 ||   131
       Throw Frost       |    12 |    29 ||    41
       Throw Icicle      |       |     4 ||     4
  Use: Scroll            |       |     4 ||     4
 Stab: Sleeping          |     2 |     3 ||     5
  Eat: Chunk             |     7 |    10 ||    17

Vault maps used:
D:1:      sevenhm_arrival_forest_fort_large_2, serial_glass, glass_columns_a,
          glass_columns_a, glass_columns_a, glass_columns_a, glass_columns_a
D:2:      minmay_overflow_temple_star_quad, nicolae_overflow_hidden_temple,
          uniq_sigmund
D:3:      wad_river_or_something, first_bread
D:4:      grunt_temple_overflow_champion_of_chaos, lemuel_crystal_altar,
          minmay_misc_feat_roman, uniq_pikel
